 Dungeon Crawl Stone Soup version 0.18.1-47-g9310371 (webtiles) character file.

1090 SaltyNutz the Covered (level 8, -12/63 HPs)
             Began as a Demonspawn Berserker on June 24, 2016.
             Was a Priest of Trog.
             Mangled by an ogre
             ... wielding a +0 giant club
              (15 damage)
             ... on level 7 of the Dungeon.
             The game lasted 00:56:39 (6122 turns).

SaltyNutz the Covered (Demonspawn Berserker)        Turns: 6122, Time: 00:56:40

Health: -12/63     AC: 14    Str: 20    XL:     8   Next: 9%
Magic:  8/8        EV:  7    Int:  8    God:    Trog [***...]
Gold:   238        SH:  0    Dex: 13    Spells: 0 memorised, 7 levels left

rFire  . . .     SeeInvis .     a - +0 hand axe
rCold  . . .     Gourm    .     e - +1 plate armour
rNeg   . . .     Faith    .     (no shield)
rPois  .         Spirit   .     (helmet restricted)
rElec  .         Dismiss  +     (no cloak)
rCorr  .         Reflect  .     (no gloves)
SustAt .         Harm     .     i - +0 pair of boots (curse)
MR     .....                    p - amulet of dismissal
Stlth  ..........               (no ring)
                                (no ring)

@: not resistant to hostile enchantments, extremely unstealthy
A: horns 2, powered by pain 1, rot immunity
a: Berserk, Trog's Hand, Burn Spellbooks, Renounce Religion


You were on level 7 of the Dungeon.
You worshipped Trog.
Trog was most pleased with you.
You were near starving.

You visited 2 branches of the dungeon, and saw 8 of its levels.

You collected 238 gold pieces.

Inventory:

Hand Weapons
 a - a +0 hand axe (weapon)
 c - a +0 hand axe
 d - a +0 scythe
 j - a cursed -2 giant club
 l - a +0 trident
 o - a +0 giant spiked club
 t - a +0 falchion
Missiles
 h - 116 stones (quivered)
Armour
 e - a +1 plate armour (worn)
 g - a +2 robe of resistance
 i - a cursed +0 pair of boots (worn)
 s - a +1 ring mail of magic resistance
Jewellery
 p - an amulet of dismissal (around neck)
 r - an uncursed amulet of rage
Scrolls
 f - a scroll of fear
 m - a scroll of teleportation
Potions
 k - 3 potions of degeneration
 n - a potion of lignification
 u - a potion of berserk rage {unknown}


   Skills:
 + Level 5.6 Fighting
 + Level 5.2 Axes
 + Level 0.1 Throwing
 + Level 5.7 Armour
 + Level 2.7 Dodging
 + Level 0.4 Stealth


You had 7 spell levels left.
You didn't know any spells.

Dungeon Overview and Level Annotations

Branches:
Dungeon (7/15)             Temple (1/1) D:4

Altars:
Makhleb
Nemelex Xobeh
Okawaru
Sif Muna
Jiyva

Annotations:
D:4 draucr's ghost, amateur HESk


Innate Abilities, Weirdness & Mutations

You have a pair of horns on your head.
You sometimes gain a little power by taking damage.
You are immune to rotting.


Message History

Throwing (i - inventory):
h - 116 stones (quivered)
Press: ? - help, Shift-Dir - straight line, f/p - ogre
Aim: an ogre, wielding a giant club (lightly wounded)
Okay, then.
Read which item? (? for menu, Esc to quit)
As you read the scroll of fear, it crumbles to dust.
You assume a fearsome visage.
The ogre looks frightened!
The giant frog looks frightened!
The ogre cries, "Mercy!"
You are no longer corroded.
You now have 238 gold pieces (gained 18).
You start resting.
An ogre is nearby!
You start resting.
The ogre hits you with a giant club!
* * * LOW HITPOINT WARNING * * *
You slash the ogre! You headbutt the ogre.
The ogre is heavily wounded.
The ogre hits you with a giant club!
You die...

.................$
####.#..#.........
####..#.##......
#.......<.......
#.###.#.(......#
.. ###.#.##..####
## #.....# ..#
#O#.......#
#@######.## #.# ..
#.# #.# #.# #.#
... ... ...


You could see an ogre.

Vanquished Creatures
  Sigmund (D:5)
  The ghost of DevlanMud the Poker, an amateur DsGl (D:3)
  An ice beast (D:6)
  A sky beast (D:6)
  2 ogres
  A scorpion (D:4)
  A crimson imp (D:5)
  A giant frog zombie (D:5)
  A hound (D:4)
  An orc wizard (D:6)
  Jessica (D:3)
  An iguana (D:6)
  A worker ant (D:4)
  A killer bee zombie (D:5)
  2 hound zombies (D:5)
  9 adders
  3 giant geckos
  6 orcs
  3 ball pythons
  6 bats
  8 giant cockroaches
  8 goblins
  7 hobgoblins
  2 jackals (D:2)
  A quokka (D:6)
  5 kobolds
  A quokka zombie (D:6)
  7 rats
83 creatures vanquished.

Notes
Turn   | Place    | Note
--------------------------------------------------------------
     0 | D:1      | SaltyNutz the Demonspawn Berserker began the quest for the Orb.
     0 | D:1      | Reached XP level 1. HP: 18/18 MP: 1/1
   299 | D:1      | Gained mutation: You are immune to rotting. [demonic ancestry]
   299 | D:1      | Reached XP level 2. HP: 20/24 MP: 2/2
   388 | D:1      | You fall through a shaft!
   576 | D:2      | Reached ** piety under Trog
   582 | D:2      | Found a deep blue altar of Sif Muna.
   620 | D:2      | Found a burning altar of Makhleb.
   648 | D:2      | Gained mutation: You have a pair of small horns on your head. [demonic ancestry]
   648 | D:2      | Reached XP level 3. HP: 30/30 MP: 3/3
   967 | D:2      | Found a faded altar to an unknown god.
  1605 | D:3      | Noticed Jessica
  1624 | D:3      | Killed Jessica
  1624 | D:3      | Gained mutation: You sometimes gain a little power by taking damage. [demonic ancestry]
  1624 | D:3      | Reached XP level 4. HP: 31/37 MP: 4/4
  1695 | D:3      | Noticed DevlanMud's ghost (amateur DsGl)
  1713 | D:3      | Killed DevlanMud's ghost
  1713 | D:3      | Reached XP level 5. HP: 30/43 MP: 5/5
  1873 | D:3      | Found an iron altar of Okawaru.
  2347 | D:3      | Noticed an ogre
  2354 | D:3      | Killed an ogre
  2354 | D:3      | Gained mutation: You have a pair of horns on your head. [demonic ancestry]
  2354 | D:3      | Reached XP level 6. HP: 50/50 MP: 6/6
  2991 | D:4      | Found a sparkling altar of Nemelex Xobeh.
  3276 | D:4      | Found a staircase to the Ecumenical Temple.
  3286 | Temple   | Entered the Ecumenical Temple
  3565 | D:4      | Reached skill level 5 in Fighting
  3670 | D:4      | Noticed draucr's ghost (amateur HESk)
  3933 | D:5      | Entered Level 5 of the Dungeon
  4074 | D:5      | Noticed Sigmund
  4120 | D:5      | Killed Sigmund
  4120 | D:5      | Reached XP level 7. HP: 35/56 MP: 7/7
  4730 | D:5      | Reached skill level 5 in Axes
  5327 | D:6      | Reached skill level 5 in Armour
  5483 | D:6      | Reached XP level 8. HP: 38/63 MP: 8/8
  5498 | D:6      | Reached *** piety under Trog
  6121 | D:7      | HP: 2/63 [ogre/giant club (14)]
  6122 | D:7      | Mangled by an ogre

Skill      XL: |  1  2  3  4  5  6  7 |
---------------+----------------------+-----
Axes           | 3 4 5 |  5.2
Armour         | 2 3 4 5 |  5.7
Dodging        | 2 |  2.7
Fighting       | 4 5 |  5.6
Throwing       | |  0.1
Stealth        | |  0.4

Action                   |  1- 3 |  4- 6 |  7- 9 || total
-------------------------+-------+-------+-------++-------
Melee: Hand axe          |   116 |   101 |   111 ||   328
       Headbutt          |     6 |    22 |    26 ||    54
       Scythe            |       |       |     7 ||     7
Throw: Stone             |     3 |       |     9 ||    12
       Tomahawk          |       |       |     6 ||     6
Invok: Berserk           |     2 |     4 |     3 ||     9
       Trog's Hand       |       |     1 |       ||     1
  Use: Scroll            |     4 |     2 |     5 ||    11
       Potion            |     1 |     5 |       ||     6
  Eat: Chunk             |     1 |     3 |     2 ||     6
       Bread ration      |     1 |     1 |       ||     2
       Royal jelly       |       |     1 |       ||     1
       Fruit             |       |       |     5 ||     5
       Pizza             |       |       |     1 ||     1
       Beef jerky        |       |       |     1 ||     1
Armor: Plate armour      |    91 |    65 |    97 ||   253
       Animal skin       |     1 |       |       ||     1
Dodge: Dodged            |    46 |    43 |    39 ||   128
